 Dungeon Crawl Stone Soup version 0.20-a0-640-g62ed22f (webtiles) character file.

316 w00t the Skirmisher (level 6, -6/35 HPs)
             Began as a Vine Stalker Gladiator on Feb 12, 2017.
             Mangled by a gnoll
             ... wielding a +0 halberd
              (9 damage)
             ... on level 3 of the Dungeon.
             The game lasted 00:01:21 (1739 turns).

w00t the Skirmisher (Vine Stalker Gladiator)        Turns: 1739, Time: 00:01:22

Health: -6/35      AC:  4    Str: 18    XL:     6   Next: 44%
Magic:  0/7        EV: 13    Int:  8    God:
Gold:   35         SH:  0    Dex: 16    Spells: 5/5 levels left

rFire    . . .     SeeInvis .     - Unarmed
rCold    . . .     Gourm    .   a - +0 leather armour
rNeg     . . .     Faith    .   (no shield)
rPois    .         Spirit   +   b - +0 helmet
rElec    .         Reflect  .   (no cloak)
rCorr    .         Harm     .   (no gloves)
MR       .....                  (no boots)
Stlth    +.........             (no amulet)
Regen    0.6/turn               (no ring)
MPRegen  0.1/turn               (no ring)

@: no status effects
A: fangs 2, regeneration 1, magic shield, antimagic bite, no potion heal 3, rot
immunity
a: no special abilities


You were on level 3 of the Dungeon.
You were hungry.

You visited 1 branch of the dungeon, and saw 3 of its levels.

You collected 35 gold pieces.

Inventory:

Missiles
 c - 3 throwing nets {=f, !d}
 j - 46 stones (quivered)
Armour
 a - a +0 leather armour (worn)
 b - a +0 helmet (worn)
 t - a +2 pair of gloves
Jewellery
 r - an uncursed amulet of regeneration {unknown}
Scrolls
 g - 4 scrolls of remove curse {unknown}
 k - a scroll of magic mapping {unknown}
 l - a scroll of identify {unknown}
 o - a scroll of immolation {unknown}
 q - a scroll of teleportation {unknown}
Potions
 e - a potion of heal wounds {unknown}
 f - 3 potions of curing {unknown}
 n - a potion of magic {unknown}
 s - a potion of agility {unknown}
Comestibles
 d - 4 bread rations
 h - 3 meat rations
 i - 3 fruits
 m - 2 chunks of flesh
 p - a royal jelly


   Skills:
 * Level 5.1 Fighting
 - Level 1.7 Throwing
 - Level 2.4 Dodging
 + Level 4.6 Unarmed Combat


You had 5 spell levels left.
You didn't know any spells.

Dungeon Overview and Level Annotations

Branches:
Dungeon (3/15)

Altars:


Innate Abilities, Weirdness & Mutations

You have extremely sharp teeth.
Your natural rate of healing is unusually fast.
When hurt, damage is shared between your health and your magic reserves.
Your bite disrupts and absorbs the magic of your enemies.
Potions cannot restore your health.
You are immune to rotting.


Message History

* * * LOW HITPOINT WARNING * * *
The gnoll closely misses you.
You see here a spear.
The gnoll closely misses you. The gnoll completely misses you.
The gnoll hits you with a halberd!
* * * LOW HITPOINT WARNING * * *
You see here a spear.
You hit the gnoll. Your bite misses the gnoll.
The gnoll is heavily wounded.
The gnoll hits you with a halberd.
* * * LOW HITPOINT WARNING * * *
Some of the chunks of flesh in your inventory have rotted away.
You barely miss the gnoll. Your bite misses the gnoll.
The gnoll is heavily wounded.
The gnoll misses you.
You hit the gnoll but do no damage. Your bite misses the gnoll.
The gnoll is heavily wounded.
The gnoll hits you from afar with a halberd!
You die...

........>o########.#
..........# #.#
..........# #.#
..........# #.#
..........# #.#
..........###### #.#
...............# #.#
..........####.# #.#
########..# #@# #o#
#..# #)# #g#
########..# #g# #.#
..........# #o# #.#
#########.# #g###.#
#........# #.....#
#.######## #######
#.# #.#


You could see 2 gnolls and an orc.

Vanquished Creatures
  Sigmund (D:2)
  Terence (D:2)
  2 gnolls (D:3)
  7 adders (D:2)
  2 oozes
  2 worms (D:2)
  2 dart slugs
  A leopard gecko (D:2)
  2 orcs (D:3)
  2 giant cockroaches (D:2)
  3 goblins (D:2)
  2 hobgoblins
  3 kobolds (D:1)
  2 quokkas (D:2)
  A ball python (D:2)
  4 bats
  3 frilled lizards (D:1)
  3 rats
43 creatures vanquished.

Notes
Turn   | Place    | Note
-------+----------+-------------------------------------------
     0 | D:1      | w00t the Vine Stalker Gladiator began the quest for the Orb.
     0 | D:1      | Reached XP level 1. HP: 11/11 MP: 2/2
    18 | D:1      | Noticed a minotaur skeleton
    36 | D:1      | Reached skill level 2 in Fighting
   157 | D:1      | Reached XP level 2. HP: 15/15 MP: 3/3
   867 | D:2      | Reached XP level 3. HP: 19/19 MP: 4/4
   872 | D:2      | Noticed Sigmund
   892 | D:2      | Killed Sigmund
   892 | D:2      | Reached skill level 4 in Fighting
   892 | D:2      | Gained mutation: Your natural rate of healing is unusually fast. [Vine Stalker growth]
   892 | D:2      | Reached XP level 4. HP: 9/26 MP: 2/5
   892 | D:2      | Reached XP level 5. HP: 10/30 MP: 2/6
  1190 | D:2      | Noticed Terence
  1204 | D:2      | Reached XP level 6. HP: 34/34 MP: 7/7
  1218 | D:2      | Killed Terence
  1446 | D:2      | Reached skill level 5 in Fighting
  1739 | D:3      | Mangled by a gnoll

Vault maps used:
D:1:      shiori_arrival_whats_in_store_for_you
D:2:      first_bread, uniq_sigmund, uniq_terence
D:3:      minmay_door_square

Skill      XL: |  1  2  3  4  5  6 |
---------------+-------------------+-----
Fighting       | 2 4 5 |  5.1
Unarmed Combat | 4 |  4.6
Throwing       | |  1.7
Dodging        | |  2.4

Action                   |  1- 3 |  4- 6 || total
-------------------------+-------+-------++-------
Melee: Unarmed           |    48 |    85 ||   133
       Bite              |    16 |    25 ||    41
       Punch             |       |     6 ||     6
Throw: Stone             |    53 |    71 ||   124
  Eat: Chunk             |       |     2 ||     2
Armor: Leather armour    |    11 |    14 ||    25
Dodge: Dodged            |    40 |    56 ||    96
